 Dungeon Crawl Stone Soup version 0.22-a0-455-ga0624bf62c (webtiles) character file.

29398 Kriby the Impaler (level 13, -14/83 HPs)
             Began as a Merfolk Skald on June 4, 2018.
             Was an Elder of Makhleb.
             Demolished by an eight-headed hydra simulacrum (15 damage)
             ... on level 4 of the Lair of Beasts on June 5, 2018.
             The game lasted 00:31:24 (18528 turns).

Kriby the Impaler (Merfolk Skald)                  Turns: 18528, Time: 00:31:24

Health: -14/83     AC: 16    Str: 15    XL:     13   Next: 45%
Magic:  16/16      EV: 17    Int: 13    God:    Makhleb [****..]
Gold:   1294       SH: 26    Dex: 20    Spells: 7/16 levels left

rFire    + + .     SeeInvis .   y - +2 trident
rCold    + . .     Gourm    .   z - +2 large shield
rNeg     . . .     Faith    .   r - +0 steam dragon scales
rPois    +         Spirit   .   m - +2 hat
rElec    +         Reflect  +   L - +2 cloak {rF+}
rCorr    +         Harm     .   (no gloves)
MR       .....                  c - +1 pair of boots
Stlth    ++........             u - +4 amulet of reflection
HPRegen  0.23/turn              D - +6 ring of dexterity
MPRegen  0.15/turn              p - +4 ring of protection

@: resistant
A: change form in water, swift swim, stealthy swim
a: Minor Destruction, Lesser Servant of Makhleb, Major Destruction, Renounce
Religion


You were on level 4 of the Lair of Beasts.
You worshipped Makhleb.
Makhleb was greatly pleased with you.
You were very hungry.

You visited 3 branches of the dungeon, and saw 15 of its levels.
You also visited: Volcano.

You collected 1294 gold pieces.

Inventory:

Hand Weapons
 y - a +2 trident (weapon)
 G - a +3 spear of freezing
 K - a +2 great mace of flaming
 M - a +2 rapier of flaming
Armour
 a - a +0 helmet
 c - a +1 pair of boots (worn)
 m - a +2 hat (worn)
 r - +0 steam dragon scales (worn)
 z - a +2 large shield (worn)
 L - a +2 cloak of fire resistance (worn)
 U - +4 fire dragon scales
Jewellery
 b - an uncursed amulet of guardian spirit
 f - an uncursed ring of protection from fire
 i - an uncursed ring of see invisible
 p - a +4 ring of protection (right hand)
 u - a +4 amulet of reflection (around neck)
 B - an uncursed ring of flight
 D - a +6 ring of dexterity (left hand)
 J - an uncursed ring of stealth
Wands
 e - a wand of paralysis (25)
 t - a wand of acid (4) {@v2}
 O - a wand of iceblast (12) {@v4}
Scrolls
 g - 7 scrolls of enchant weapon
 j - 6 scrolls of teleportation {@r3}
 l - 4 scrolls of remove curse {@r2}
 o - 4 scrolls of amnesia
 w - a scroll of holy word {unknown}
 A - 2 scrolls of blinking {@r4}
 F - 2 scrolls of magic mapping
 H - 17 scrolls of identify {@r1}
 P - 2 scrolls of immolation
 Q - a scroll of random uselessness {unknown}
Potions
 h - 2 potions of haste {@q3}
 k - 3 potions of lignification
 n - 2 potions of curing {@q1}
 q - a potion of invisibility
 v - a potion of cancellation
 x - 2 potions of flight
 E - 3 potions of berserk rage
 I - 3 potions of heal wounds {@q2}
 T - a potion of might {unknown}
Comestibles
 d - 33 rations {@e1}


   Skills:
 - Level 2.1 Fighting
 - Level 16.8 Polearms
 - Level 0.6 Armour
 * Level 8.4 Dodging
 + Level 16.7 Shields
 - Level 2.0 Spellcasting
 - Level 3.2 Charms


You had 7 spell levels left.
You knew the following spells:

 Your Spells              Type           Power        Failure   Level  Hunger
a - Infusion              Chrm           #...         19%         1    ##.....
b - Shroud of Golubria    Chrm/Tloc      #.........   50%         2    ###....
r - Regeneration          Chrm/Necr      #.........   75%         3    ####...
w - Spectral Weapon       Hex/Chrm       #.......     75%         3    ####...

Your spell library contained the following spells:

 Spells                   Type           Power        Failure   Level  Hunger
 Magic Dart               Conj           #...         58%         1    ##.....
 Lightning Bolt           Conj/Air       #.........   100%        5    ######.
 Bolt of Magma            Conj/Fire/Erth #.........   100%        5    ######.
 Confuse                  Hex            #.......     91%         3    ####...
 Venom Bolt               Conj/Pois      #.........   100%        5    ######.
 Iskenderun's Mystic Bla  Conj           #.......     100%        4    #####..
 Animate Dead             Necr           N/A          100%        4    #####..
 Pain                     Necr           #...         58%         1    ##.....
 Animate Skeleton         Necr           N/A          58%         1    ##.....
 Vampiric Draining        Necr           #.........   91%         3    ####...
 Iron Shot                Conj/Erth      #.........   100%        6    #######
 Shock                    Conj/Air       #...         58%         1    ##.....
 Swiftness                Chrm/Air       #.......     50%         2    ###....
 Airstrike                Air            #.........   100%        4    #####..
 Confusing Touch          Hex            #.....       58%         1    ##.....
 Metabolic Englaciation   Hex/Ice        #.........   100%        5    ######.
 Static Discharge         Conj/Air       #.......     91%         3    ####...
 Petrify                  Tmut/Erth      #.......     100%        4    #####..
 Orb of Destruction       Conj           #.........   100%        7    #######
 Iskenderun's Battlesphe  Conj/Chrm      #.......     100%        5    ######.
 Fulminant Prism          Conj/Hex       #.........   100%        4    #####..
 Dazzling Spray           Conj/Hex       #.....       91%         3    ####...
 Force Lance              Conj/Tloc      #.......     100%        4    #####..
 Song of Slaying          Chrm           #.......     28%         2    ###....
 Searing Ray              Conj           #.....       73%         2    ###....
 Spellforged Servitor     Conj/Summ      #.........   100%        7    #######
 Gell's Gravitas          Tloc           #.........   91%         3    ####...
 Yara's Violent Unravell  Hex/Tmut       #.........   100%        5    ######.


Dungeon Overview and Level Annotations

Branches:
Dungeon (10/15)            Temple (1/1) D:4            Lair (4/6) D:9
 Shoals (0/4) Lair:4        Snake (0/4) Lair:4
    Orc: D:9-12

Altars:
Ashenzari
Cheibriados
Dithmenos
Elyvilon
Fedhas
Gozag
Hepliaklqana
Kikubaaqudgha
Makhleb
Nemelex Xobeh
Okawaru
Qazlal
Ru
Sif Muna
Trog
Uskayaw
Vehumet
Wu Jian
Xom
Yredelemnul
Zin
The Shining One

Annotations:
D:10 exclusion: 3 oklob plants
Lair:4 1 transporter


Message History

The blink frog simulacrum is almost destroyed.
The bolt of acid hits the anaconda simulacrum.
The anaconda simulacrum is splashed with acid.
The acid corrodes the anaconda simulacrum!
The anaconda simulacrum is moderately damaged.
A black mamba simulacrum comes into view.
You block the eight-headed hydra simulacrum's attack. x2
The eight-headed hydra simulacrum closely misses you.
You block the eight-headed hydra simulacrum's attack.
The eight-headed hydra simulacrum bites you but does no damage.
The eight-headed hydra simulacrum bites you.
* * * LOW HITPOINT WARNING * * *
The eight-headed hydra simulacrum freezes you!
You resist.
* * * LOW HITPOINT WARNING * * *
The eight-headed hydra simulacrum bites you.
* * * LOW HITPOINT WARNING * * *
The eight-headed hydra simulacrum freezes you!
You resist.
You die...

###.[[.##§§§?©(.§§#......<.... ##
#....####§§§)}[§§§#......=....
P####...# #§§§§§§§§.#.......(...
..###...# #§§§§§§§§.#....#......
...##..## .§§§§Z§ #...###.....
#......# ###§Z§####.P..##.....
##.....######§§.Z.§§#..#...)...P.
##>.....#P##§Z#Z#§§#..........#.
#........##§§.@.§§####.#..##)#.
##.........#§§#©#§§###..........
##...#...####§§§§§§§##.#.....#P.#
#.........###§§§§§§§##.......##.#
............##########..........#
..............#.©....#.........(.
..(....P.....##..........P.......
...............#.................
..#........P...................##


You could see a black mamba simulacrum, an anaconda simulacrum (inner flame), an
eight-headed hydra simulacrum (inner flame), a dire elephant simulacrum (inner
flame) and a blink frog simulacrum (inner flame).

Vanquished Creatures
  A fire dragon (Lair:4)
  2 hydras (Lair:3)
  The ghost of brujo666 the Thrower, a novice OgHu of Okawaru (Lair:1)
  3 two-headed ogres
  3 elephants (Lair:4)
  2 black mambas
  A gargoyle (Volcano)
  A molten gargoyle (Volcano)
  7 spiny frogs
  6 rime drakes (Lair:4)
  3 komodo dragons
  A polar bear (Lair:4)
  Grinder (D:3)
  Prince Ribbit (D:7)
  A dream sheep (Lair:2)
  7 hippogriffs
  5 blink frogs (Lair:3)
  A wyvern (D:9)
  4 spriggans (Lair:2)
  A basilisk (Lair:2)
  A wraith (D:9)
  23 yaks
  2 fire elementals (Volcano)
  A human (D:7)
  4 hogs (D:7)
  Grum (D:8)
  9 steam dragons
  Menkaure (D:7)
  4 water moccasins
  Duvessa (D:6)
  13 porcupines
  5 sky beasts
  3 orc warriors
  4 black bears (D:9)
  2 ice beasts
  3 ogres
  2 phantoms
  10 wolves
  6 centaurs
  6 crocodiles
  A big kobold (D:8)
  12 bullfrogs
  Dowan (D:6)
  3 scorpions (D:9)
  A water moccasin skeleton (D:10)
  7 wights
  5 killer bees (D:8)
  A howler monkey (D:5)
  A gnoll shaman (D:8)
  A centaur zombie (D:9)
  4 hounds
  7 orc priests
  3 bullfrog skeletons
  8 orc wizards
  A centaur skeleton (D:6)
  Jessica (D:2)
  7 worker ants
  A hound zombie (D:5)
  A hound skeleton (D:4)
  A mummy (D:5)
  16 gnolls
  12 adders
  A howler monkey skeleton (D:4)
  2 oozes
  2 adder skeletons
  2 worms
  2 leopard geckos
  18 orcs
  2 giant cockroaches
  5 goblins
  5 hobgoblins
  14 jackals
  10 kobolds
  2 quokkas
  8 bats
  2 frilled lizards
  2 quokka zombies
  10 rats
335 creatures vanquished.

Vanquished Creatures (collateral kills)
  An elephant (Lair:4)
1 creature vanquished.

Vanquished Creatures (others)
  A steam dragon (Lair:4)
  4 centaurs
  An orc (D:3)
  A bush (D:10)
  23 fungi
  27 plants
57 creatures vanquished.

Grand Total: 393 creatures vanquished

Notes
Turn   | Place    | Note
-------+----------+-------------------------------------------
     0 | D:1      | Kriby the Merfolk Skald began the quest for the Orb.
     0 | D:1      | Reached XP level 1. HP: 16/16 MP: 3/3
   177 | D:1      | Reached XP level 2. HP: 21/22 MP: 5/5
   641 | D:1      | Reached skill level 1 in Shields
   779 | D:1      | Reached XP level 3. HP: 25/27 MP: 6/6
  1627 | D:2      | Noticed Jessica
  1633 | D:2      | Killed Jessica
  1633 | D:2      | Reached skill level 5 in Polearms
  1633 | D:2      | Reached XP level 4. HP: 33/33 MP: 7/7
  2043 | D:2      | Reached XP level 5. HP: 31/38 MP: 8/8
  3241 | D:3      | Noticed Grinder
  3261 | D:3      | Paralysed by Grinder for 2 turns
  3263 | D:3      | Killed Grinder
  3263 | D:3      | Reached XP level 6. HP: 17/44 MP: 9/9
  3657 | D:4      | Found an iron altar of Okawaru.
  3659 | D:4      | Found a glowing silver altar of Zin.
  3692 | D:4      | Reached skill level 5 in Shields
  3827 | D:4      | Reached XP level 7. HP: 28/50 MP: 10/10
  4224 | D:4      | Found a staircase to the Ecumenical Temple.
  4472 | D:4      | Found a shattered altar of Ashenzari.
  4813 | D:4      | Found a sparkling altar of Nemelex Xobeh.
  5088 | Temple   | Entered the Ecumenical Temple
  5261 | Temple   | Became a worshipper of Makhleb the Destroyer
  5339 | D:5      | Entered Level 5 of the Dungeon
  5339 | D:5      | Noticed a steam dragon
  5340 | D:5      | Noticed a steam dragon
  5401 | D:4      | Killed a steam dragon
  5621 | D:5      | Killed a steam dragon
  5621 | D:5      | Reached XP level 8. HP: 10/56 MP: 4/11
  6915 | D:5      | Reached * piety under Makhleb
  7180 | D:6      | Found a bloodstained altar of Trog.
  7220 | D:6      | Reached XP level 9. HP: 56/61 MP: 12/12
  7332 | D:6      | Learned a level 2 spell: Shroud of Golubria
  7336 | D:6      | Learned a level 3 spell: Regeneration
  7340 | D:6      | Learned a level 3 spell: Spectral Weapon
  7400 | D:6      | Noticed Dowan
  7400 | D:6      | Noticed Duvessa
  7438 | D:6      | Killed Duvessa
  7438 | D:6      | Reached skill level 10 in Polearms
  7442 | D:6      | Killed Dowan
  7571 | D:6      | Found a blossoming altar of Fedhas.
  7806 | D:7      | Noticed Prince Ribbit
  7824 | D:7      | Killed Prince Ribbit
  7859 | D:7      | Found a hazy altar of Hepliaklqana.
  7875 | D:7      | Found a white marble altar of Elyvilon.
  8058 | D:7      | Reached skill level 10 in Shields
  8275 | D:7      | Found a sacrificial altar of Ru.
  8360 | D:7      | Found a hide-covered altar of Uskayaw.
  8386 | D:7      | Found a sparkling altar of Nemelex Xobeh.
  8406 | D:7      | Noticed Menkaure
  8415 | D:7      | Killed Menkaure
  8775 | D:7      | Found a bloodstained altar of Trog.
  8827 | D:7      | You fall through a shaft for 3 floors!
  8827 | D:10     | Entered Level 10 of the Dungeon
  8861 | D:9      | Reached XP level 10. HP: 48/67 MP: 13/13
  9231 | D:8      | Noticed Grum
  9254 | D:8      | Killed Grum
  9279 | D:8      | Reached ** piety under Makhleb
 10331 | D:8      | Found a sacrificial altar of Ru.
 10622 | D:9      | Found a staircase to the Lair.
 10689 | D:9      | Reached XP level 11. HP: 72/72 MP: 14/14
 10693 | D:9      | Reached *** piety under Makhleb
 10813 | D:9      | Found a shadowy altar of Dithmenos.
 10854 | D:9      | Found an ornate altar of the Wu Jian Council.
 10914 | D:9      | Noticed a two-headed ogre
 10933 | D:9      | Killed a two-headed ogre
 10975 | D:9      | Noticed a two-headed ogre
 10987 | D:9      | Killed a two-headed ogre
 11384 | D:9      | Upgraded the game from 0.22-a0-448-g1fb7470005 to 0.22-a0-455-ga0624bf62c
 11451 | D:10     | Noticed an oklob plant
 11451 | D:10     | Noticed an oklob plant
 11451 | D:10     | Noticed an oklob plant
 11877 | D:10     | Noticed a two-headed ogre
 11900 | D:10     | Killed a two-headed ogre
 12197 | Lair:1   | Entered Level 1 of the Lair of Beasts
 12260 | Lair:1   | Found a dark tunnel.
 12288 | Volcano  | Entered a volcano
 12342 | Volcano  | Reached **** piety under Makhleb
 13007 | Lair:1   | Reached skill level 15 in Polearms
 13124 | Lair:1   | Reached XP level 12. HP: 76/78 MP: 15/15
 13292 | Lair:1   | Noticed brujo666's ghost (novice OgHu)
 13334 | Lair:1   | Killed brujo666's ghost
 13754 | Lair:2   | Reached skill level 15 in Shields
 15675 | Lair:3   | Noticed a four-headed hydra
 15684 | Lair:3   | Killed a four-headed hydra
 15970 | Lair:3   | Noticed a seven-headed hydra
 15978 | Lair:3   | Killed a seven-headed hydra
 16513 | Lair:4   | Found a staircase to the Snake Pit.
 16581 | Lair:4   | Reached XP level 13. HP: 83/83 MP: 16/16
 16593 | Lair:4   | Found a transporter.
 16683 | Lair:4   | Reached skill level 5 in Dodging
 16770 | Lair:4   | Reached ***** piety under Makhleb
 17350 | Lair:4   | Found a transporter.
 17360 | Lair:4   | Noticed a fire dragon
 17487 | Lair:4   | Found a staircase to the Shoals.
 17724 | Lair:4   | Killed a fire dragon
 18528 | Lair:4   | HP: 2/83 [eight-headed hydra simulacrum (17)]
 18528 | Lair:4   | Demolished by an eight-headed hydra simulacrum

Vault maps used:
D:1:      saegor_arrival_miasma
D:2:      first_ration, uniq_jessica
D:3:      uniq_grinder
D:4:      chequers_temple_overflow_statue_of_worship,
          cheibrodos_ashenzari_chains, lemuel_temple_firewalk_b,
          nemelex_diamond_rough_becter
D:5:      kennysheep_steamy, gup_ossuary_entry_pyramid
D:6:      marbit_many_paths, basic_altar, uniq_duvessa
D:7:      nicolae_overflow_quartered_altars, overflow_temple_1_default,
          grunt_livestock, hangedman_ru_absence, uniq_prince_ribbit1,
          uniq_menkaure
D:8:      lemuel_coloured_pillars_altar, uniq_grum
D:9:      nicolae_dithmenos_the_darkroom, nicolae_overflow_crystal_walls,
          due_lair_maze_entry_diamond, kennysheep_generic_room_13
D:10:     disabler_island
Temple:   jpeg_temple_alley_garden
Lair:1:   enter_volcano_1
Lair:2:   wad_woods_settlement
Lair:3:   serial_bayou_pond_a, minivault_24, minivault_24
Lair:4:   gammafunk_cloud_chamber, minmay_shoals_entry_centaurs,
          dummy_snake_entry, bobbens_dragon_lair_wall, grunt_megastairs_4,
          lemuel_fruit_tree
Volcano:  volcano_overflow

Skill      XL: |  1  2  3  4  5  6  7  8  9 10 11 12 13 |
---------------+----------------------------------------+-----
Polearms       | 4 5 6 7 8 9 11 13 15 16 | 16.8
Shields        | 1 2 3 4 5 6 8 10 12 14 16 | 16.7
Dodging        | 8 |  8.4
Fighting       | |  2.1
Armour         | |  0.6
Spellcasting   | |  2.0
Charms         | |  3.2

Action                   |  1- 3 |  4- 6 |  7- 9 | 10-12 | 13-15 || total
-------------------------+-------+-------+-------+-------+-------++-------
Melee: Spear             |   171 |   188 |   702 |   539 |       ||  1600
       Trident           |       |       |       |   865 |   308 ||  1173
 Cast: Infusion          |       |       |     1 |     1 |       ||     2
Invok: Lesser Servant of |       |       |       |       |     1 ||     1
Evoke: Wand              |       |     2 |       |     8 |     3 ||    13
  Use: Scroll            |       |       |    12 |     6 |     7 ||    25
       Potion            |       |       |     4 |    15 |     4 ||    23
 Stab: Sleeping          |     2 |       |     1 |     4 |     1 ||     8
       Invisible         |       |       |     5 |     2 |     6 ||    13
       Distracted        |       |       |       |     2 |       ||     2
  Eat: Chunk             |     2 |     8 |    13 |    25 |     6 ||    54
       Ration            |       |       |     1 |       |       ||     1
Armor: Leather armour    |    46 |    22 |    43 |       |       ||   111
       Steam dragon scal |       |       |    50 |   131 |    45 ||   226
       Skin              |       |       |       |    41 |       ||    41
       Fire dragon scale |       |       |       |       |     3 ||     3
Dodge: Dodged            |    48 |    26 |    70 |   112 |    81 ||   337
Block: Large shield      |   105 |   126 |   453 |   935 |   316 ||  1935
       Reflection        |       |     8 |    14 |    18 |    22 ||    62

Table legend:
 A = Spawn XP
 B = Non-spawn XP
 C = Spawn XP percentage of total XP
 D = Spawn monster count
 E = Non-spawn monster count
 F = Spawn count percentage of total count
 G = Total turns spent on level
                    A         B        C        D         E        F      G
               +---------+---------+-------+---------+---------+-------+---------
         Total |       0 |   41998 |   0.0 |       0 |     342 |   0.0 | 18528
               +---------+---------+-------+---------+---------+-------+---------
           D:1 |       0 |      56 |   0.0 |       0 |      27 |   0.0 |  1280
           D:2 |       0 |     115 |   0.0 |       0 |      19 |   0.0 |  1222
           D:3 |       0 |     317 |   0.0 |       0 |      13 |   0.0 |  1108
           D:4 |       0 |     611 |   0.0 |       0 |      26 |   0.0 |  1975
           D:5 |       0 |     973 |   0.0 |       0 |      19 |   0.0 |  1294
           D:6 |       0 |     662 |   0.0 |       0 |      15 |   0.0 |   728
           D:7 |       0 |    1770 |   0.0 |       0 |      17 |   0.0 |  1299
           D:8 |       0 |    2566 |   0.0 |       0 |      38 |   0.0 |  1049
           D:9 |       0 |    4577 |   0.0 |       0 |      35 |   0.0 |  1280
          D:10 |       0 |    2528 |   0.0 |       0 |      22 |   0.0 |   763
        Lair:1 |       0 |    4350 |   0.0 |       0 |      21 |   0.0 |  1146
        Lair:2 |       0 |    5710 |   0.0 |       0 |      26 |   0.0 |  1600
        Lair:3 |       0 |    6303 |   0.0 |       0 |      20 |   0.0 |  1294
        Lair:4 |       0 |   10240 |   0.0 |       0 |      40 |   0.0 |  2015
       Volcano |       0 |    1220 |   0.0 |       0 |       4 |   0.0 |   276
               +---------+---------+-------+---------+---------+-------+---------
